 Dungeon Crawl Stone Soup version 0.28-a0-1624-g820543e53a (webtiles) character file.

Game seed: 12187373897238755255

9 Shayle the Magician (level 2, -1/24 HPs)
             Began as a Djinni Warper on Jan 23, 2022.
             Slain by a dart slug (2 damage)
             ... on level 1 of the Dungeon.
             The game lasted 00:02:23 (302 turns).

Shayle the Magician (Djinni Warper)                  Turns: 302, Time: 00:02:23

Health: -1/24      AC:  3    Str: 10    XL:     2   Next: 25%
Gold:   11         EV: 11    Int: 14    God:
                   SH:  0    Dex: 12

rFire   + + .      SeeInvis .     - Unarmed
rCold   x . .      Faith    .   (no shield)
rNeg    . . .      Spirit   .   a - +0 leather armour
rPois   ∞          Reflect  .   (no helmet)
rElec   .          Harm     .   (no cloak)
rCorr   .          Rampage  .   (no gloves)
Will    .....                   (boots unavailable)
Stlth   +.........              (no amulet)
HPRegen 0.08/turn               (no ring)
MPRegen 0.00/turn               (no ring)

@: flying
A: sickness immunity, fire resistance 2, cold vulnerability 1, float, innate
caster, hp casting, extra vitality 1
a: no special abilities


You were on level 1 of the Dungeon.
You visited 1 branch of the dungeon, and saw 1 of its levels.

You collected 11 gold pieces.

Inventory:

Missiles
 c - 5 boomerangs of dispersal (quivered)
Armour
 a - a +0 leather armour (worn)


   Skills:
 + Level 2.4 Fighting
 - Level 0.7 Throwing
 - Level 1.0 Armour
 - Level 2.1 Dodging
 + Level 1.0 Stealth
 - Level 2.0 Unarmed Combat
 - Level 2.4 Spellcasting


You couldn't memorise any spells.
You knew the following spells:

 Your Spells              Type           Power      Damage    Failure   Level
a - Blink                 Tloc           16%        N/A       17%         2
b - Lesser Beckoning      Tloc           8%         N/A       34%         3
c - Gell's Gravitas       Tloc           8%         N/A       34%         3
d - Teleport Other        Tloc           8%         N/A       34%         3
e - Manifold Assault      Tloc           8%         N/A       97%         5
Your spell library was empty.

Dungeon Overview and Level Annotations

Branches:
Dungeon (1/15)

Altars:


Innate Abilities, Weirdness & Mutations

You are immune to sickness and miasma.
You are immune to poison.
Your flesh is very heat resistant. (rF++)
You are vulnerable to cold. (rC-)
You float through the air rather than walking.
You learn spells naturally, not from books.
Your magical power is your life essence.
You have superior vitality. (+4 MHP)


Message History

The endoplasm barely misses you.
You hit the endoplasm.
You kill the endoplasm!
Your Stealth skill increases to level 1!
You hit the quokka.
The quokka is severely wounded.
The quokka closely misses you.
You barely miss the quokka.
The quokka is severely wounded.
The quokka bites you but does no damage.
You hit the quokka.
You kill the quokka!
You hit the dart slug.
The dart slug is moderately wounded.
You hit the dart slug.
The dart slug is heavily wounded.
The dart slug launches a dart at you. The slug dart hits you.
* * * LOW HITPOINT WARNING * * *
You hit the dart slug but do no damage.
The dart slug is heavily wounded.
The dart slug launches a dart at you. The slug dart hits you.
* * * LOW HITPOINT WARNING * * *
You hit the dart slug but do no damage.
The dart slug is heavily wounded.
You hit the dart slug but do no damage.
The dart slug is heavily wounded.
The dart slug bites you but does no damage.
You hit the dart slug but do no damage.
The dart slug is heavily wounded.
The dart slug launches a dart at you. The slug dart hits you.
* * * LOW HITPOINT WARNING * * *
You barely miss the dart slug.
The dart slug is heavily wounded.
You hit the dart slug but do no damage.
The dart slug is heavily wounded.
The dart slug bites you.
You die...

#.##.#.# #.#.#....###.##
####......####.....####
.. ##.......#........†##
# ...#######.####....†##
##.# #.####......## ##.#
####.##.)...K...# ...#
#.....#.#....#..# ###..
##.#
#.....#.#.###...##......
...#
#.........@wK.#..r......
...#
#^....###.###...##..r...
##†## #.....# #.# #####
###.. ..#.######### #.#
##.###......# #.# ...#
#.####.# #.#
##.###.####.# #.#
#.##.....#.# #.#
#.##..##.#.###.#


You could see a dart slug and a kobold.

Vanquished Creatures
  A dart slug (D:1)
  2 bats (D:1)
  An endoplasm (D:1)
  A hobgoblin (D:1)
  A quokka (D:1)
  A rat (D:1)
7 creatures vanquished.

Notes
Turn   | Place    | Note
-------+----------+-------------------------------------------
     0 | D:1      | Shayle the Djinni Warper began the quest for the Orb.
     0 | D:1      | Reached XP level 1. HP: 18/18 MP: 0/0
   262 | D:1      | Reached XP level 2. HP: 18/24 MP: 0/0
   292 | D:1      | Reached skill level 1 in Stealth
   300 | D:1      | HP: 1/24 [dart slug/slug dart (2)]
   302 | D:1      | Slain by a dart slug

Illustrated notes

Levels and vault maps discovered:
D:1:      mrwooster_arrival_statue_2, layout_loops_cross, serial_glass,
          glass_columns_b, glass_columns_c, nicolae_grassy_gnolls

Skill      XL: |  1  2 |
---------------+-------+-----
Stealth        | 1 |  1.0
Fighting       | |  2.4
Throwing       | |  0.7
Armour         | |  1.0
Dodging        | |  2.1
Unarmed Combat | |  2.0
Spellcasting   | |  2.4

Action                   || total
-------------------------++-------
Melee: Unarmed           ||    42
  Use: Scroll            ||     1
Armor: Leather armour    ||    11
Dodge: Dodged            ||    22

Table legend: (Time is in decaauts)
 A = Elapsed time spent in this place.
 B = Non-inter-level travel time spent in this place.
 C = Inter-level travel time spent in this place.
 D = Time resting spent in this place.
 E = Time spent auto-exploring this place.
 F = Levels seen in this place.
 G = Mean time per level.
                   A        B        C        D        E       F      G
               +--------+--------+--------+--------+--------+-----+--------+
         Total |    300 |    300 |      0 |    149 |     70 |   1 |  300.0 |
       Dungeon |    300 |    300 |      0 |    149 |     70 |   1 |  300.0 |
               +--------+--------+--------+--------+--------+-----+--------+

Top non-repeatable levels by time:
     D:1: 300 daAuts
